 Dungeon Crawl Stone Soup version 0.14-a0-1036-g6cac21b (webtiles) character file.

77 MackTheKnife the Insei (level 3, -5/28 HPs)
             Began as a Demonspawn Monk on Nov 24, 2013.
             Killed from afar by Sigmund (8 damage)
             ... with a puff of flame
             ... on Level 2 of the Dungeon.
             The game lasted 00:03:00 (1903 turns).

MackTheKnife the Insei (Demonspawn Monk)            Turns: 1903, Time: 00:03:00

HP  -5/28        AC  5     Str 11      XL: 3   Next: 94%
MP   2/2         EV 12     Int 11      God:
Gold 12          SH  0     Dex 16      Spells:  0 memorised,  2 levels left

Res.Fire  : . . .   See Invis. : .     - Unarmed
Res.Cold  : . . .   Warding    : .   g - +0 leather armour
Life Prot.: . . .   Conserve   : .   (no shield)
Res.Poison: .       Res.Corr.  : .   (helmet restricted)
Res.Elec. : .       Clarity    : .   (no cloak)
Sust.Abil.: . .     Spirit.Shd : .   (no gloves)
Res.Mut.  : .       Stasis     : .   (no boots)
Res.Rott. : .       Flight     : .   (no amulet)
Saprovore : . . .                    (no ring)
                                     (no ring)

@: confused, very slightly contaminated, hasted, very quick, not resistant to
hostile enchantments, very unstealthy
A: horns 1, yellow scales 1
a: no special abilities


You were on level 2 of the Dungeon.
You were very hungry.

You visited 1 branch of the dungeon, and saw 2 of its levels.

You collected 12 gold pieces.


Innate Abilities, Weirdness & Mutations

You have a pair of small horns on your head.
You are partially covered in yellow scales (AC +2).


   Skills:
 - Level 3.0 Fighting
 - Level 2.6 Dodging
 - Level 1.7 Stealth
 + Level 5.0 Unarmed Combat


You had 2 spell levels left.
You didn't know any spells.

Inventory:

Armour
 g - a +0 leather armour (worn)
Comestibles
 b - a bread ration
Scrolls
 c - a scroll of enchant weapon II {unknown}
 d - a scroll of noise {unknown}
 e - 2 scrolls of enchant armour {unknown}
 i - 2 scrolls of remove curse {unknown}
 k - a scroll of enchant weapon I {unknown}
Jewellery
 h - a +3 ring of protection {unknown}

▒········▒·▒·····▒·····▒▒·▒
▒········▒·▒·····▒·····▒
▒······················▒▒·
▒▒·························
▒·▒▒▒▒'▒······▒·▒·▒·▒▒▒▒▒
▒·▒ ▒················· ▒··
▒·················· ▒·
▒···▒···············
▒···▒@·············
▒··▒▒·············
▒··▒·············
▒··▒[·▒▒▒·(···· ···· ······
····▒ ·▒·· ······ ···
·····▒ ···


There were no monsters in sight!


Message History

Found a cloak.
Sigmund casts a spell at you. You resist. Sigmund casts a spell at you.
You are more confused.
Sigmund barely misses you.
Ouch! Sigmund misses you. Sigmund hits you with a scythe.
You barely miss Sigmund. You hit Sigmund.
Sigmund is lightly wounded.
Sigmund gestures at you while chanting.
You are more confused.
You hit Sigmund. You headbutt Sigmund.
Sigmund is moderately wounded.
Sigmund points at you and mumbles some strange words.
The magic dart hits you! Sigmund hits you but does no damage.
Sigmund gestures wildly while chanting.
Sigmund flickers and vanishes!
Deactivating autopickup; reactivate with Ctrl-A.
It hits you!
* * * LOW HITPOINT WARNING * * *
Unknown command.
Drink which item? (? for menu, Esc to quit)
You feel yourself speed up. It barely misses you.
You are very lightly contaminated with residual magic.
You hear some strange, mumbled words.
The puff of flame hits you!
You die...

Action                   || total
-------------------------++-------
Melee: Unarmed           ||   117
  Use: Scroll            ||     3
       Potion            ||     4
 Stab: Sleeping          ||     2

Vault maps used:
D:1:      sevenhm_entry_forest_fort_small_4
D:2:      uniq_sigmund

Notes
Turn   | Place    | Note
--------------------------------------------------------------
     0 | D:1      | MackTheKnife, the Demonspawn Monk, began the quest for the Orb.
     0 | D:1      | Reached XP level 1. HP: 16/16 MP: 0/0
   229 | D:1      | Reached skill level 4 in Unarmed Combat
   284 | D:1      | Gained mutation: You have a pair of small horns on your head. [demonic ancestry]
   284 | D:1      | Reached XP level 2. HP: 17/22 MP: 1/1
  1095 | D:1      | Gained mutation: You are partially covered in yellow scales (AC +2). [demonic ancestry]
  1095 | D:1      | Reached XP level 3. HP: 8/28 MP: 2/2
  1446 | D:2      | Noticed Sigmund
  1487 | D:2      | HP: 2/28 [poisoned by an adder]
  1502 | D:2      | HP: 2/28 [poisoned by an adder]
  1633 | D:2      | Reached skill level 5 in Unarmed Combat
  1903 | D:2      | Killed from afar by Sigmund

Vanquished Creatures
  A gnoll (D:1)
  3 adders (D:2)
  3 giant geckos (D:1)
  A giant cockroach (D:1)
  3 goblins (D:1)
  3 hobgoblins (D:1)
  6 kobolds
  3 bats
  3 giant newts (D:1)
  3 rats
29 creatures vanquished.
